 Dungeon Crawl Stone Soup version 0.22-a0-880-gb7b0c8b (webtiles) character file.

105 Kuinu the Skirmisher (level 4, -10/40 HPs)
             Began as a Draconian Warper on July 30, 2018.
             Mangled by a gnoll
             ... wielding a +0 halberd
              (13 damage)
             ... on level 3 of the Dungeon.
             The game lasted 00:06:03 (1809 turns).

Kuinu the Skirmisher (Draconian Warper)             Turns: 1809, Time: 00:06:04

Health: -10/40     AC:  6    Str: 14    XL:     4   Next: 54%
Magic:  1/7        EV: 12    Int: 14    God:
Gold:   87         SH:  0    Dex: 10    Spells: 3/7 levels left

rFire    . . .     SeeInvis +   a - +0 falchion
rCold    . . .     Gourm    .   (no shield)
rNeg     . . .     Faith    .   (armour unavailable)
rPois    .         Spirit   .   (helmet restricted)
rElec    .         Reflect  .   (no cloak)
rCorr    .         Harm     .   (no gloves)
MR       .....                  b - +0 pair of boots
Stlth    +.........             (no amulet)
HPRegen  0.13/turn              h - ring of see invisible
MPRegen  0.10/turn              (no ring)

@: very slightly contaminated
A: unfitting armour, cold-blooded, AC +5
a: no special abilities


You were on level 3 of the Dungeon.
You were full.

You visited 1 branch of the dungeon, and saw 3 of its levels.

You collected 87 gold pieces.

Inventory:

Hand Weapons
 a - a +0 falchion (weapon)
Missiles
 d - 5 tomahawks of dispersal (quivered)
Armour
 b - a +0 pair of boots (worn)
Jewellery
 h - a ring of see invisible (left hand)
Scrolls
 e - 2 scrolls of identify
Potions
 g - a potion of cancellation
 j - a potion of mutation


   Skills:
 * Level 3.6 Fighting
 * Level 3.1 Long Blades
 - Level 0.8 Throwing
 + Level 2.6 Dodging
 + Level 2.4 Spellcasting
 - Level 3.0 Translocations


You had 3 spell levels left.
You knew the following spells:

 Your Spells              Type           Power        Failure   Level  Hunger
a - Shroud of Golubria    Chrm/Tloc      #.........   19%         2    ###....
b - Blink                 Tloc           N/A          10%         2    ###....

Your spell library contained the following spells:

 Spells                   Type           Power        Failure   Level  Hunger
 Teleport Other           Tloc           ##......     21%         3    ###....
 Passage of Golubria      Tloc           N/A          54%         4    #####..
 Gell's Gravitas          Tloc           ##........   21%         3    ###....
 Lesser Beckoning         Tloc           ##........   21%         3    ###....


Dungeon Overview and Level Annotations

Branches:
Dungeon (3/15)

Altars:
Gozag
Nemelex Xobeh
Qazlal


Innate Abilities, Weirdness & Mutations

Your plain brown scales are hard. (AC +5)
You cannot fit into any form of body armour.
You are cold-blooded and may be slowed by cold attacks.


Message History

Okay, then.
You hit the rat.
You kill the rat!
Your shroud begins to fray at the edges.
Your shroud bends the gnoll's attack away.
You eat one of the 2 rations.
That ration really hit the spot!
Your shroud bends the gnoll's attack away.
You eat the ration.
That ration really hit the spot!
The gnoll misses you. The rat misses you.
You riposte.
You slash the rat!
You kill the rat!
Casting: Shroud of Golubria (safe; 19% risk of failure)
Confirm with . or Enter, or press ? or * to list all spells.
You miscast Shroud of Golubria.
Nothing appears to happen.
Your shroud unravels.
The gnoll hits you but does no damage. The gnoll closely misses you.
Casting: Shroud of Golubria (safe; 19% risk of failure)
Confirm with . or Enter, or press ? or * to list all spells.
You don't have enough magic to cast that spell.
The gnoll hits you from afar with a halberd!
You die...

#...# #...# #...#
#...# #.rg#
##†######
###########.......
#..gg.............
#@.g..............
#.≈≈≈.≈...≈≈...≈..
#≈≈≈≈≈≈≈≈≈≈≈≈≈≈≈≈≈
#≈≈≈≈≈≈≈≈≈≈≈≈≈≈≈≈≈
#≈≈≈≈≈≈≈≈≈#####≈≈≈
#≈≈≈≈≈≈≈≈≈# ###
#≈≈≈≈≈≈≈≈≈#
#≈≈≈≈≈≈≈≈


You could see 3 gnolls.

Vanquished Creatures
  A hound skeleton (D:3)
  An adder (D:2)
  A gnoll (D:3)
  A worm (D:2)
  3 dart slugs
  2 ball pythons
  5 bats
  4 giant cockroaches
  7 goblins
  9 hobgoblins
  4 jackals (D:3)
  A quokka (D:3)
  7 frilled lizards
  8 kobolds
  10 rats
64 creatures vanquished.

Notes
Turn   | Place    | Note
-------+----------+-------------------------------------------
     0 | D:1      | Kuinu the Draconian Warper began the quest for the Orb.
     0 | D:1      | Reached XP level 1. HP: 17/17 MP: 3/3
   162 | D:1      | Reached XP level 2. HP: 25/25 MP: 5/5
   179 | D:1      | Learned a level 2 spell: Shroud of Golubria
   182 | D:1      | Learned a level 2 spell: Blink
   445 | D:1      | Reached XP level 3. HP: 30/30 MP: 6/6
  1022 | D:2      | Found a sparkling altar of Nemelex Xobeh.
  1160 | D:2      | Found an opulent altar of Gozag.
  1494 | D:2      | Found a stormy altar of Qazlal.
  1495 | D:2      | Noticed an earth elemental
  1497 | D:2      | Noticed an air elemental
  1497 | D:2      | Noticed a fire elemental
  1497 | D:2      | Noticed a water elemental
  1652 | D:3      | Reached XP level 4. HP: 38/38 MP: 7/7
  1795 | D:3      | HP: 2/40 [gnoll/spear (3)]
  1809 | D:3      | Mangled by a gnoll

Vault maps used:
D:1:      roderic_dead_forest
D:2:      nicolae_qazlal_style_of_elements, nemelex_xobeh_ov_fountains_minmay,
          first_ration, kennysheep_nondescript, grunt_gozag_breadcrumbs
D:3:      minmay_goblin_kobold_castle, zin_scriptorium

Skill      XL: |  1  2  3  4 |
---------------+-------------+-----
Fighting       | 3 |  3.6
Long Blades    | 3 |  3.1
Throwing       | |  0.8
Dodging        | |  2.6
Spellcasting   | |  2.4
Translocations | |  3.0

Action                   |  1- 3 |  4- 6 || total
-------------------------+-------+-------++-------
Melee: Falchion          |   116 |    50 ||   166
       Tailslap          |    12 |     6 ||    18
 Cast: Shroud of Golubri |     1 |     4 ||     5
       Blink             |       |     1 ||     1
  Use: Scroll            |     3 |     1 ||     4
 Stab: Sleeping          |     1 |       ||     1
  Eat: Chunk             |     1 |     1 ||     2
       Ration            |       |     2 ||     2
Armor: Skin              |    34 |    38 ||    72
Dodge: Dodged            |    87 |    75 ||   162
       Rpst.: Falchion   |    30 |    19 ||    49

Table legend:
 A = Spawn XP
 B = Non-spawn XP
 C = Spawn XP percentage of total XP
 D = Spawn monster count
 E = Non-spawn monster count
 F = Spawn count percentage of total count
 G = Total turns spent on level
                    A         B        C        D         E        F      G
               +---------+---------+-------+---------+---------+-------+---------
         Total |       0 |     151 |   0.0 |       0 |      64 |   0.0 |  1809
               +---------+---------+-------+---------+---------+-------+---------
           D:1 |       0 |      46 |   0.0 |       0 |      26 |   0.0 |   665
           D:2 |       0 |      45 |   0.0 |       0 |      20 |   0.0 |   945
           D:3 |       0 |      60 |   0.0 |       0 |      18 |   0.0 |   199
               +---------+---------+-------+---------+---------+-------+---------
